 Dungeon Crawl Stone Soup version 0.32-a0-705-g60f233581c (webtiles) character file.

Game seed: 6895758622583945161

9 BeKind the Shooter (level 2, 0/19 HPs)
             Began as an Octopode Hunter on Mar 15, 2024.
             Slain by a bat (1 damage)
             ... on level 1 of the Dungeon.
             The game lasted 00:00:28 (138 turns).

BeKind the Shooter (Octopode Hunter)                 Turns: 138, Time: 00:00:29

Health: 0/19       AC:  1    Str: 10    XL:     2   Next: 16%
Magic:  2/2        EV: 12    Int: 11    God:
Gold:   10         SH:  0    Dex: 15    Spells: 1/1 levels left

rFire   . . .        a - +0 shortbow
rCold   . . .        (shield currently unavailable)
rNeg    . . .        (helmet restricted)
rPois   .            (no amulet)
rElec   .            (no ring)
rCorr   .            (no ring)
SInv    .            (no ring)
Will    .....        (no ring)
Stlth   +++          (no ring)
HPRegen 0.23/turn    (no ring)
MPRegen 0.08/turn    (no ring)
                     (no ring)

%: no passive effects
@: no status effects
A: almost no armour, amphibious, 8 rings, camouflage 1, gelatinous body 1,
(nimble swimmer 1), tentacles
a: no special abilities


You were on level 1 of the Dungeon.
You visited 1 branch of the dungeon, and saw 1 of its levels.

You collected 10 gold pieces.

Inventory:

Hand Weapons
 a - a +0 shortbow (weapon)
Scrolls
 b - a scroll of butterflies
 c - a scroll of immolation {unknown}


   Skills:
 + Level 2.2 Fighting
 + Level 4.1 Ranged Weapons
 + Level 2.2 Dodging
 + Level 1.9 Stealth


You had one spell level left.
You didn't know any spells.
Your spell library was empty.

Dungeon Overview and Level Annotations

Branches:
Dungeon (1/15)

Altars:


Innate Abilities, Weirdness & Mutations

You cannot wear most types of armour.
You are amphibious.
You can wear up to eight rings at the same time.
Your skin changes colour to match your surroundings (Stealth+).
Your rubbery body absorbs attacks. (AC +1, EV +1)
((You are camouflaged when in or above water. (Stealth+)))
You have tentacles for arms and can constrict up to eight enemies at once.


Message History

The dart slug briefly extends its eye-stalks.
You shoot an arrow. The arrow barely misses the quokka.
The arrow barely misses the dart slug.
The bat hits you but does no damage. The quokka completely misses you.
The bat barely misses you. The quokka barely misses you.
You shoot an arrow. The arrow barely misses the quokka.
The arrow hits the bat but does no damage.
The bat barely misses you. x2; The quokka barely misses you.
The bat barely misses you.
You shoot an arrow. The arrow misses the quokka.
The arrow hits the dart slug.
The dart slug is severely wounded.
The bat hits you but does no damage. The bat misses you.
The bat barely misses you. The bat hits you.
The kobold throws a stone.
The stone barely misses you. The quokka barely misses you.
You shoot an arrow. The arrow completely misses the quokka.
The bat hits you. The bat barely misses you. The quokka barely misses you.
The bat closely misses you. The quokka bites you.
The kobold hits you with a +0 short sword.
* * * LOW HITPOINT WARNING * * *
You are too injured to fight recklessly!
The bat closely misses you. x2; The quokka attacks as it pursues you!
The quokka bites you.
* * * LOW HITPOINT WARNING * * *
The kobold hits you with a +0 short sword.
* * * LOW HITPOINT WARNING * * *
The bat closely misses you.
The kobold throws a stone.
The stone barely misses you. The dart slug launches a dart at you.
The slug dart misses you. The bat barely misses you.
The quokka attacks as it pursues you! The quokka closely misses you.
The bat misses you. The quokka barely misses you. The bat misses you.
The bat barely misses you. The dart slug launches a dart at you.
The slug dart misses you. The bat attacks as it pursues you!
The bat barely misses you. The bat hits you.
* * * LOW HITPOINT WARNING * * *
The bat closely misses you. The bat attacks as it pursues you!
The bat hits you.
You die...

....... ## ##
..... #+##. ###.
#..# #.... #...
###..# .....#
###.#. ##....#
...# #
###.....###..##.#
.# + ...#.
#....###.##.#####
###..##.####
#.##...... ...
######...#b@.#
#.######..
...##...##.##..###
#.# #.#
#.......#.##b##
#.######.#
#.)......†r..#
#........#
#.......####
#.......†#
#.....w.#
#........#
#.##)...##
#........# #...##
#........# #....#
#........#


You could see a dart slug, a quokka and 2 bats.

Vanquished Creatures
  A dart slug (D:1)
  2 giant cockroaches (D:1)
  2 goblins (D:1)
  A ball python (D:1)
  A kobold (D:1)
7 creatures vanquished.

Notes
Turn   | Place    | Note
-------+----------+-------------------------------------------
     0 | D:1      | BeKind the Octopode Hunter began the quest for the Orb.
     0 | D:1      | Reached XP level 1. HP: 14/14 MP: 1/1
   108 | D:1      | Reached XP level 2. HP: 18/19 MP: 2/2
   138 | D:1      | Slain by a bat

Illustrated notes

Levels and vault maps discovered:
D:1:      dpeg_arrival_short_road, layout_rooms, minmay_liquid_box,
          minmay_vboxes

Action                     || total
---------------------------++-------
   Fire: Shortbow          ||    26
 Armour: Skin              ||    17
  Dodge: Dodged            ||    38

Table legend: (Time is in decaauts)
 A = Elapsed time spent in this place.
 B = Non-inter-level travel time spent in this place.
 C = Inter-level travel time spent in this place.
 D = Time resting spent in this place.
 E = Time spent auto-exploring this place.
 F = Levels seen in this place.
 G = Mean time per level.
                   A        B        C        D        E       F      G
               +--------+--------+--------+--------+--------+-----+--------+
         Total |    143 |    143 |      0 |      0 |     94 |   1 |  143.0 |
       Dungeon |    143 |    143 |      0 |      0 |     94 |   1 |  143.0 |
               +--------+--------+--------+--------+--------+-----+--------+

Top non-repeatable levels by time:
     D:1: 143 daAuts
